 Dungeon Crawl Stone Soup version 0.17-a0-562-gfd539b1 (webtiles) character file.

482 frag the Shield-Bearer (level 6, -1/55 HPs)
             Began as a Minotaur Fighter on Apr 10, 2015.
             Was an Initiate of Okawaru.
             Shot with an arrow by a centaur (10 damage)
             ... on level 6 of the Dungeon on Apr 14, 2015.
             The game lasted 00:28:56 (4520 turns).

frag the Shield-Bearer (Minotaur Fighter)           Turns: 4520, Time: 00:28:57

Health: -1/55      AC: 12    Str: 21    XL:     6   Next: 87%
Magic:  5/5        EV:  5    Int:  5    God:    Okawaru [......]
Gold:   193        SH: 10    Dex: 11    Spells: 0 memorised, 5 levels left

rFire  . . .     SeeInvis .     a - +1 war axe
rCold  + . .     Clarity  .     h - +0 plate armour
rNeg   . . .     SustAb   .     c - +0 shield
rPois  .         Gourm    .     (helmet restricted)
rElec  .         Spirit   .     (no cloak)
rCorr  .         Warding  .     (no gloves)
rMut   .         Stasis   .     (no boots)
MR     .....                    (no amulet)
Stlth  ..........               (no ring)
                                v - ring of protection from cold

@: not resistant to hostile enchantments, extremely unstealthy
A: retaliatory headbutt, horns 2
a: Renounce Religion


You were on level 6 of the Dungeon.
You worshipped Okawaru.
Okawaru was noncommittal.
You were not hungry.

You visited 1 branch of the dungeon, and saw 6 of its levels.

You collected 193 gold pieces.

Inventory:

Hand weapons
 a - a +1 war axe (weapon)
 i - a +2 dagger of freezing
 x - a +1 dagger
Armour
 b - a +0 pair of gloves
 c - a +0 shield (worn)
 h - a +0 plate armour (worn)
 o - a fire dragon hide
Jewellery
 v - a ring of protection from cold (left hand)
Magical devices
 k - a wand of disintegration (10)
Scrolls
 d - a scroll of identify
 r - a scroll of amnesia
 t - a scroll of remove curse
 u - a scroll of teleportation
 w - a scroll of fog
Potions
 e - a potion of might
 f - 3 potions of cancellation
 g - a potion of degeneration {unknown}
 j - a potion of restore abilities {unknown}
 n - a potion of poison {unknown}
 p - 2 potions of curing
 q - a potion of flight {unknown}
 z - a potion of mutation {unknown}
Books
 m - a book of Party Tricks

   Spells                             Type                      Level
   a - Summon Butterflies             Summoning                    1
   b - Apportation                    Translocation                1
   c - Tukima's Dance                 Hexes                        3
   d - Alistair's Intoxication        Transmutation/Poison         4
   e - Invisibility                   Hexes                        6
Comestibles
 l - 2 bread rations
 s - 2 slices of pizza


   Skills:
 + Level 4.8 Fighting
 + Level 4.9 Axes
 + Level 5.3 Armour
 + Level 1.8 Dodging
 + Level 0.3 Stealth
 + Level 6.0 Shields


You had 5 spell levels left.
You didn't know any spells.

Dungeon Overview and Level Annotations

Branches:
Dungeon (6/15)
 Temple: D:4-7

Altars:
Kikubaaqudgha
Makhleb
Okawaru
Qazlal
Sif Muna
Zin

Annotations:
D:6 Sigmund


Innate Abilities, Weirdness & Mutations

You reflexively headbutt those who attack you in melee.
You have a pair of horns on your head.


Message History

The centaur shoots an arrow.
You block the arrow.
You see here an arrow.
Your shield and plate armour prevent you from hitting something.
The centaur shoots an arrow.
You block the arrow. You block its attack.
The centaur shoots an arrow.
The arrow hits you.
You barely miss something.
You hear some strange, mumbled words.
A puff of flame appears from out of thin air!
The puff of flame hits you!
You hear some strange, mumbled words.
A puff of flame appears from out of thin air!
The puff of flame hits you!
You closely miss something.
The centaur shoots an arrow.
You block the arrow. Something hits you.
The centaur shoots an arrow.
You block the arrow.
The centaur shoots an arrow.
You block the arrow.
The centaur shoots an arrow.
The arrow hits you!
* * * LOW HITPOINT WARNING * * *
You see here 3 arrows.
You block its attack.
The centaur shoots an arrow.
The arrow hits you!
You die...

#.............# *,.,,,,,,,
#.............###..,,,,,,,
#..................,******
#...................*
########...................* *
.......'...................* *
########[..................* *
.......'..........{........* *
########........@((........******
...#######+#+####..........,,,,**
##.........*,***#.(........,,,,**
#.........,,,,,+.........),,,,,,
##.........*,***#.≈≈≈≈....,,,,,,,
.'.........*,,,≈≈≈≈≈≈≈≈...,,,,,,,
##........#*≈≈≈≈≈≈≈≈≈≈≈≈≈≈≈*,**,,
######..≈≈≈≈≈≈≈≈≈≈≈≈≈≈≈≈≈≈≈≈≈*,,
*.≈≈≈≈≈≈≈≈cc≈≈≈≈≈≈≈≈≈≈≈≈≈,*


You could see a centaur.

Vanquished Creatures
  The ghost of Zigurun the Insei, an average OpTm (D:4)
  A giant frog (D:4)
  2 crimson imps
  2 orc wizards (D:5)
  A hound skeleton (D:4)
  4 adders
  3 gnolls (D:4)
  3 oozes
  3 orcs
  12 bats
  2 bat skeletons
  3 bat zombies (D:4)
  5 giant cockroaches
  6 hobgoblins
  6 jackals
  18 kobolds
  A ball python (D:4)
  5 giant geckos
  A giant newt (D:2)
  6 goblins
  4 quokkas
  13 rats
  A rat zombie (D:4)
  2 bushes (D:1)
105 creatures vanquished.

Notes
Turn   | Place    | Note
--------------------------------------------------------------
     0 | D:1      | frag, the Minotaur Fighter, began the quest for the Orb.
     0 | D:1      | Reached XP level 1. HP: 19/19 MP: 0/0
   256 | D:1      | Reached XP level 2. HP: 22/27 MP: 1/1
   256 | D:1      | Reached skill level 4 in Shields
   813 | D:1      | Upgraded the game from 0.17-a0-491-gbd49765 to 0.17-a0-562-gfd539b1
  1408 | D:2      | Found a glowing silver altar of Zin.
  1411 | D:2      | Found a stormy altar of Qazlal.
  1468 | D:2      | Reached XP level 3. HP: 33/33 MP: 2/2
  2295 | D:3      | Reached XP level 4. HP: 40/40 MP: 3/3
  3080 | D:4      | Reached skill level 1 in Dodging
  3214 | D:4      | Noticed Zigurun's ghost (average OpTm)
  3267 | D:4      | Killed Zigurun's ghost
  3267 | D:4      | Reached skill level 5 in Shields
  3267 | D:4      | Reached XP level 5. HP: 17/47 MP: 4/4
  3406 | D:4      | Found a deep blue altar of Sif Muna.
  3453 | D:4      | Found an ancient bone altar of Kikubaaqudgha.
  3629 | D:4      | Noticed a giant frog
  3637 | D:4      | Killed a giant frog
  3637 | D:4      | Reached skill level 5 in Armour
  3637 | D:4      | Reached XP level 6. HP: 50/53 MP: 5/5
  3820 | D:5      | Entered Level 5 of the Dungeon
  3857 | D:5      | Found a burning altar of Makhleb.
  3992 | D:5      | Found a staircase to the Ecumenical Temple.
  4043 | D:5      | Found an iron altar of Okawaru.
  4053 | D:5      | Became a worshipper of Warmaster Okawaru
  4424 | D:6      | Reached skill level 6 in Shields
  4504 | D:6      | Noticed Sigmund
  4520 | D:6      | Shot with an arrow by a centaur

Action                   |  1- 3 |  4- 6 || total
-------------------------+-------+-------++-------
Melee: War axe           |   189 |   155 ||   344
  Use: Scroll            |     6 |    10 ||    16
       Potion            |       |     2 ||     2
  Eat: Bread ration      |     1 |     1 ||     2
       Chunk             |       |     3 ||     3
